 Dungeon Crawl Stone Soup version 0.27.0-1-g7a089689b8 (webtiles) character file.

Game seed: 17563742004980004946

1002 ZombieSheep the Protected (level 8, -12/63 HPs)
             Began as a Gnoll Wanderer on Aug 6, 2021.
             Was a Priest of Cheibriados.
             Mangled by a shadow (19 damage)
             ... on level 6 of the Dungeon.
             The game lasted 00:11:49 (6399 turns).

ZombieSheep the Protected (Gnoll Wanderer)          Turns: 6399, Time: 00:11:53

Health: -12/63     AC: 11    Str: 20    XL:     8   Next: 20%
Magic:  8/12       EV:  9    Int: 22    God:    Cheibriados [***...]
Gold:   236        SH:  0    Dex: 19    Spells: 13/13 levels left

rFire    . . .     SeeInvis .   b - +0 spear
rCold    . . .     Faith    .   (no shield)
rNeg     . . .     Spirit   .   p - +0 chain mail
rPois    .         Reflect  .   (no helmet)
rElec    .         Harm     .   (no cloak)
rCorr    .         Rampage  .   (no gloves)
Will     +....                  (no boots)
Stlth    ..........             (no amulet)
HPRegen  0.20/turn              (no ring)
MPRegen  0.13/turn              (no ring)

@: unable to read, flying, very slow
A: fangs 1, strong nose, distributed training, strong-willed 1, sense
surroundings 1, inability to read while threatened
a: Renounce Religion, Bend Time, Temporal Distortion


You were on level 6 of the Dungeon.
You worshipped Cheibriados.
Cheibriados was most pleased with you.
You visited 1 branch of the dungeon, and saw 6 of its levels.

You collected 236 gold pieces.

Inventory:

Hand Weapons
 a - a +1 hand crossbow
 b - a +0 spear (weapon)
 i - a +4 whip
 k - the +7 mace "Ehebicy" {venom, rElec rPois Str-2 Stlth+}
   (You found it on level 4 of the Dungeon)

   It poisons the flesh of those it strikes.
   Str:       It affects your strength (-2).
   rElec:     It insulates you from electricity.
   rPois:     It protects you from poison.
   Stlth:     It makes you more stealthy.
 n - a +0 war axe of flaming
Missiles
 c - 37 bolts
 d - a throwing net (quivered)
Armour
 e - a +1 leather armour of fire resistance
 p - a +0 chain mail (worn)
Wands
 o - a wand of acid (2)
Scrolls
 f - a scroll of brand weapon {unknown}
 l - a scroll of magic mapping
Potions
 h - 2 potions of mutation
 m - a potion of magic {unknown}


   Skills:
 + Level 5.5 Fighting
 + Level 3.0 Short Blades
 + Level 3.0 Long Blades
 + Level 4.0 Axes
 + Level 3.0 Maces & Flails
 + Level 3.0 Polearms
 + Level 3.0 Staves
 + Level 3.0 Slings
 + Level 3.0 Bows
 + Level 4.0 Crossbows
 + Level 4.0 Throwing
 + Level 9.1 Armour
 + Level 3.0 Dodging
 + Level 3.9 Stealth
 + Level 3.0 Shields
 + Level 3.0 Unarmed Combat
 + Level 3.0 Spellcasting
 + Level 2.4 Conjurations
 + Level 2.4 Hexes
 + Level 2.4 Summonings
 + Level 2.4 Necromancy
 + Level 2.4 Translocations
 + Level 2.4 Transmutations
 + Level 2.4 Fire Magic
 + Level 2.4 Ice Magic
 + Level 2.4 Air Magic
 + Level 2.4 Earth Magic
 + Level 2.4 Poison Magic
 + Level 3.3 Invocations
 + Level 3.0 Evocations


You had 13 spell levels left.
You didn't know any spells.
Your spell library contained the following spells:

 Spells                   Type           Power      Damage    Failure   Level
 Inner Flame              Hex/Fire       14%        N/A       69%         3
 Cause Fear               Hex            7%         N/A       97%         4
 Discord                  Hex            7%         N/A       100%        8


Dungeon Overview and Level Annotations

Branches:
Dungeon (6/15)             Temple (0/1) D:4

Altars:
Cheibriados
Fedhas


Innate Abilities, Weirdness & Mutations

You have very sharp teeth.
Your uncanny sense of smell can sniff out nearby items.
Your experience applies equally to all skills.
You are strong-willed. (Will+)
You passively map a small area around you.
You sometimes lose the ability to read scrolls when taking damage.


Message History

Reactivating autopickup.
You feel better.
The shadow slips into darkness.
The shadow flickers and vanishes!
Deactivating autopickup; reactivate with Ctrl-A.
You hit something.
The shadow strikes at you from the darkness!
You feel threatened and lose the ability to read scrolls!
Reactivating autopickup.
You closely miss the shadow. You bite the shadow.
The shadow is moderately damaged.
The shadow hits you.
You closely miss the shadow.
The shadow is moderately damaged.
The shadow slips into darkness.
The shadow flickers and vanishes!
Deactivating autopickup; reactivate with Ctrl-A.
You hit something.
The shadow strikes at you from the darkness!
* * * LOW HITPOINT WARNING * * *
Reactivating autopickup.
Unknown command.
You warp the flow of time around you!
Aiming: Corrosive Bolt
Press: ? - help, Shift-Dir - straight line, f - shadow
Aim: a shadow (heavily damaged, 74% to hit)
The bolt of acid misses the shadow.
The shadow slips into darkness.
The shadow flickers and vanishes!
Deactivating autopickup; reactivate with Ctrl-A.
Aiming: Corrosive Bolt
Press: ? - help, Shift-Dir - straight line The bolt of acid hits something!
It was a potion of flight.
You feel very buoyant.
You fly up into the air.
You can read scrolls again.
The shadow strikes at you from the darkness!
You feel threatened and lose the ability to read scrolls!
You die...

###### #....#
#######....#
#.........>###
#..........'.#
#..........#.#
####+##..).#@#
#......<..#,
,, #.........#
, ,
#.........#,
#.........#, ∆
, +
#.######..# ,
#. #..# # #..#
*, .........#


There were no monsters in sight!

Vanquished Creatures
  Grinder (D:5)
  Duvessa (D:5)
  An ogre (D:5)
  A scorpion (D:5)
  Dowan (D:5)
  A bullfrog zombie (D:5)
  A jelly (D:5)
  An orc priest (D:5)
  A bullfrog skeleton (D:4)
  A centaur skeleton (D:4)
  2 iguanas
  An orc wizard (D:5)
  A hound skeleton (D:4)
  6 gnolls
  8 adders
  An ufetubus (D:4)
  3 adder skeletons (D:4)
  3 worms
  A dart slug (D:1)
  11 orcs
  9 endoplasms
  2 giant cockroaches
  9 goblins
  3 hobgoblins
  8 jackals
  3 quokkas
  5 ball pythons
  10 bats
  4 kobolds
  6 rats
  A spectral kobold (D:1)
107 creatures vanquished.

Notes
Turn   | Place    | Note
-------+----------+-------------------------------------------
     0 | D:1      | ZombieSheep the Gnoll Wanderer began the quest for the Orb.
     0 | D:1      | ZombieSheep set off with the following items: a +0 hand
                  | crossbow, a +2 scale mail, 30 bolts, a potion of
                  | lignification
     0 | D:1      | Reached XP level 1. HP: 20/20 MP: 1/1
    79 | D:1      | Reached XP level 2. HP: 14/26 MP: 2/2
   757 | D:1      | Found a faded altar of an unknown god.
   785 | D:1      | Became a worshipper of Cheibriados the Contemplative
   785 | D:1      | Reached * piety under Cheibriados
   929 | D:1      | Reached XP level 3. HP: 31/31 MP: 3/3
  1206 | D:2      | Reached skill level 1 in Invocations
  1215 | D:2      | Reached skill level 1 in Short Blades
  1215 | D:2      | Reached skill level 1 in Long Blades
  1215 | D:2      | Reached skill level 1 in Maces & Flails
  1215 | D:2      | Reached skill level 1 in Polearms
  1215 | D:2      | Reached skill level 1 in Staves
  1215 | D:2      | Reached skill level 1 in Slings
  1215 | D:2      | Reached skill level 1 in Bows
  1215 | D:2      | Reached skill level 1 in Dodging
  1215 | D:2      | Reached skill level 1 in Shields
  1215 | D:2      | Reached skill level 1 in Unarmed Combat
  1215 | D:2      | Reached skill level 1 in Spellcasting
  1215 | D:2      | Reached skill level 1 in Evocations
  1222 | D:2      | Reached XP level 4. HP: 12/38 MP: 5/5
  1582 | D:2      | Reached ** piety under Cheibriados
  1778 | D:2      | Reached skill level 1 in Conjurations
  1778 | D:2      | Reached skill level 1 in Hexes
  1778 | D:2      | Reached skill level 1 in Summonings
  1778 | D:2      | Reached skill level 1 in Necromancy
  1778 | D:2      | Reached skill level 1 in Translocations
  1778 | D:2      | Reached skill level 1 in Transmutations
  1778 | D:2      | Reached skill level 1 in Fire Magic
  1778 | D:2      | Reached skill level 1 in Ice Magic
  1778 | D:2      | Reached skill level 1 in Air Magic
  1778 | D:2      | Reached skill level 1 in Earth Magic
  1778 | D:2      | Reached skill level 1 in Poison Magic
  2373 | D:3      | Reached XP level 5. HP: 37/43 MP: 6/6
  3008 | D:3      | Reached *** piety under Cheibriados
  3354 | D:4      | Identified the +7 mace "Ehebicy" {venom, rElec rPois Str-2
                  | Stlth+}
  3491 | D:4      | Found a staircase to the Ecumenical Temple.
  3966 | D:4      | Reached XP level 6. HP: 24/50 MP: 8/8
  4439 | D:4      | Reached skill level 5 in Fighting
  4703 | D:5      | Entered Level 5 of the Dungeon
  5096 | D:5      | Reached XP level 7. HP: 44/56 MP: 10/10
  5293 | D:5      | Found a blossoming altar of Fedhas.
  5376 | D:5      | Noticed Dowan
  5378 | D:5      | Noticed Duvessa
  5391 | D:5      | Killed Duvessa
  5392 | D:5      | Killed Dowan
  5927 | D:5      | Noticed Grinder
  5930 | D:5      | Paralysed by Grinder for 3 turns
  5944 | D:5      | Killed Grinder
  5945 | D:5      | Reached skill level 9 in Armour
  5945 | D:5      | Reached XP level 8. HP: 54/63 MP: 10/12
  6373 | D:6      | Noticed a shadow
  6390 | D:6      | Gained mutation: You are strong-willed. (Will+) [potion of
                  | mutation]
  6390 | D:6      | Gained mutation: You sometimes lose the ability to read
                  | scrolls when taking damage. [potion of mutation]
  6390 | D:6      | Gained mutation: You passively map a small area around you.
                  | [potion of mutation]
  6399 | D:6      | Mangled by a shadow

Illustrated notes

Levels and vault maps discovered:
D:1:      lemuel_arrival_broad_hall, layout_basic,
          dreamdust_ecumenical_altar_drowned_temple
D:2:      layout_loops_corners
D:3:      layout_loops_ring
D:4:      layout_basic, minmay_temple_entry_glassed_door, grunt_ministairs_9,
          chequers_arboretum
D:5:      layout_loops_corners, fedhas_ov_isle_minmay, uniq_duvessa,
          uniq_grinder
D:6:      layout_basic, nicolae_ru_great_annihilating_truth, serial_shops, shop

Skill      XL: |  1  2  3  4  5  6  7  8 |
---------------+-------------------------+-----
Invocations    | 1 2 3 |  3.3
Short Blades   | 1 2 3 |  3.0
Long Blades    | 1 2 3 |  3.0
Maces & Flails | 1 2 3 |  3.0
Polearms       | 1 2 3 |  3.0
Staves         | 1 2 3 |  3.0
Slings         | 1 2 3 |  3.0
Bows           | 1 2 3 |  3.0
Dodging        | 1 2 3 |  3.0
Shields        | 1 2 3 |  3.0
Unarmed Combat | 1 2 3 |  3.0
Spellcasting   | 1 2 3 |  3.0
Evocations     | 1 2 3 |  3.0
Conjurations   | 1 2 |  2.4
Hexes          | 1 2 |  2.4
Summonings     | 1 2 |  2.4
Necromancy     | 1 2 |  2.4
Translocations | 1 2 |  2.4
Transmutations | 1 2 |  2.4
Fire Magic     | 1 2 |  2.4
Ice Magic      | 1 2 |  2.4
Air Magic      | 1 2 |  2.4
Earth Magic    | 1 2 |  2.4
Poison Magic   | 1 2 |  2.4
Axes           | 3 4 |  4.0
Crossbows      | 3 4 |  4.0
Throwing       | 3 4 |  4.0
Stealth        | 3 |  3.9
Fighting       | 5 |  5.5
Armour         | 9 |  9.1

Action                   |  1- 3 |  4- 6 |  7- 9 || total
-------------------------+-------+-------+-------++-------
Melee: Club              |    78 |       |       ||    78
       Bite              |     8 |    35 |     9 ||    52
       Spear             |       |   290 |    43 ||   333
       Punch             |       |     1 |       ||     1
 Fire: Hand crossbow     |    57 |    33 |    27 ||   117
Invok: Bend Time         |       |       |     1 ||     1
       Temporal Distorti |       |       |     1 ||     1
Evoke: Wand              |       |       |     5 ||     5
  Use: Scroll            |     1 |     5 |       ||     6
       Potion            |     1 |       |     3 ||     4
 Stab: Sleeping          |       |     1 |       ||     1
Armor: Scale mail        |    81 |   139 |       ||   220
       Skin              |     1 |       |       ||     1
       Chain mail        |       |       |    32 ||    32
Dodge: Dodged            |    50 |   166 |    19 ||   235
